AoeStats
← |GaoeG| flamingo

Arabia

510196458Analyzed
3v3 RM · 16h ago on Sep 29, 2026· 20m 21s· 6 players
Game mode
Random Map
Map size
Normal (6 player)
Population
200
Speed
Normal
Resources
Standard
Victory
Conquest
Starting age
Dark Age
Ending age
Imperial Age
RankedLock teamsTeams togetherTeam positionsShared explorationLock speedFull tech treeHidden civsTurbo modeCheats
Victory
Defeat
🇦🇷 Ethiopians · Argentina
1539
+5
🇦🇷 Persians · Argentina
1489
+7
🇦🇷 Britons · Argentina
1411
+9
🇪🇸 Persians · Spain
1336
-9
🇪🇸 Ethiopians · Spain
1299
-8
🇪🇸 Vietnamese · Spain
1139
-4
|GaoeG| flamingo
7:00 Loom
9:24 Feudal Age
10:10 Double-Bit Axe
13:04 Town Watch
13:59 Fletching
16:24 Padded Archer Armor
ErafaE
3:04 Loom
10:24 Feudal Age
12:13 Double-Bit Axe
JITANOmaleant7
4:32 Loom
8:20 Feudal Age
9:03 Double-Bit Axe
14:16 Horse Collar
20:41 Castle Age
[TOX2] Lord Rucci
6:32 Loom
9:04 Feudal Age
9:46 Double-Bit Axe
14:35 Fletching
17:16 Padded Archer Armor
22:45 Castle Age
[TOX2] A-c-Syno-666
6:35 Loom
9:00 Feudal Age
9:37 Double-Bit Axe
12:11 Horse Collar
[TOX2] satho
6:17 Loom
8:28 Feudal Age
12:17 Fletching
18:22 Horse Collar
18:28 Double-Bit Axe
20:23 Padded Archer Armor
Connection lost

Rejoining the realm…

Still unreachable

The connection could not be restored.

Session expired

The server has moved on; the page needs a fresh start.